 Dungeon Crawl Stone Soup version 0.31-a0-162-gc4c5a43528 (webtiles) character file.

Game seed: 15270067207545728911

150 qw the Shooter (level 5, -1/49 HPs)
             Began as a Naga Hunter on June 12, 2023.
             Slain by an orc priest
             ... wielding a +0 short sword
              (3 damage)
             ... on level 4 of the Dungeon.
             The game lasted 00:00:37 (2557 turns).

qw the Shooter (Naga Hunter)                        Turns: 2557, Time: 00:00:38

Health: -1/49      AC:  3    Str: 13    XL:     5   Next: 32%
Magic:  5/5        EV:  9    Int: 10    God:
Gold:   232        SH:  0    Dex: 16    Spells: 4/4 levels left

rFire   . . .        Y - +0 shortbow
rCold   . . .        (shield currently unavailable)
rNeg    . . .        c - +0 leather armour
rPois   +            (no helmet)
rElec   .            (no cloak)
rCorr   .            (no gloves)
SInv    +            (no barding)
Will    .....        b - amulet of faith
Stlth   ++           d - +4 ring of slaying {mikee}
HPRegen 0.28/turn    (no ring)
MPRegen 0.09/turn

%: faith
@: short of breath, very slow
A: AC +1, large, see invisible, deformed body, poison resistance, slowness 2,
spit poison 1, naga tail 1
a: Spit Poison


You were on level 4 of the Dungeon.
You visited 1 branch of the dungeon, and saw 4 of its levels.

You collected 232 gold pieces.


Innate Abilities, Weirdness & Mutations

Your serpentine skin is tough. (AC +1)
You have supernaturally acute eyesight. (SInv)
Armour fits poorly on your strangely shaped body.
Your system is resistant to poisons. (rPois)
You cover ground very slowly.
You can spit poison.
You have a snake-like lower body.


   Skills:
 - Level 3.2 Fighting
 + Level 5.3 Ranged Weapons
 - Level 1.5 Dodging
 - Level 1.5 Stealth


You had 4 spell levels left.
You didn't know any spells.
Your spell library was empty.

Inventory:

Hand Weapons
 Y - a +0 shortbow (weapon)
Armour
 c - a +0 leather armour (worn)
Jewellery
 b - an amulet of faith (around neck)
 d - a +4 ring of slaying (left hand) {mikee}
 h - a ring of wizardry
Scrolls
 g - a scroll of identify
 l - a scroll of fear {unknown}
Potions
 a - a potion of resistance {unknown}
 e - a potion of heal wounds {unknown}
 f - a potion of brilliance {unknown}
 i - a potion of haste {unknown}
 j - a potion of magic {unknown}
 k - a potion of berserk rage {unknown}

Dungeon Overview and Level Annotations

Branches:
Dungeon (4/15)
 Temple: D:4-7

Altars:
Fedhas
Hepliaklqana
Yredelemnul
Zin
The Shining One

Annotations:
D:2 1 runed translucent door, Crazy Yiuf


Message History

The orc wizard hits you but does no damage.
The orc hits you with a +0 dagger.
You shoot an arrow. The arrow hits the orc wizard!
The orc wizard is severely wounded.
You have got your breath back.
The orc barely misses you.
The orc priest hits you with a +0 short sword.
The orc wizard hits you with a +0 dagger.
2553 ||| INVOKING Spit Poison.
Aiming: Spit Poison (1% risk of failure)
Press: ? - help, Shift-Dir - straight line, f/p - orc wizard The splash of poison hits the orc wizard but does no damage.
The orc wizard is poisoned.
The orc wizard is severely wounded.
The orc wizard hits you but does no damage.
The orc hits you but does no damage.
The orc priest invokes the aid of Beogh against you.
Pain shoots through your body!
You shoot an arrow.
The arrow completely misses the orc wizard.
The orc wizard casts a spell.
The orc wizard flickers and vanishes for a moment.
The orc barely misses you. The orc priest barely misses you.
You shoot an arrow. The arrow hits the orc wizard.
You kill the orc wizard!
You have got your breath back.
The orc barely misses you. The orc priest barely misses you.
2556 ||| INVOKING Spit Poison.
Aiming: Spit Poison (1% risk of failure)
Press: ? - help, Shift-Dir - straight line, f - orc priest The splash of poison hits the orc priest!
The orc priest is poisoned.
The orc priest is severely wounded.
The orc barely misses you.
The orc priest hits you with a +0 short sword.
You shoot an arrow.
The arrow closely misses the orc priest.
The orc barely misses you.
The orc priest hits you with a +0 short sword.
You die...

#.# #.# #.#
#.# #.##
#..##### ###
##.....##...#
##...)......
#...@o>.....
#...o)......
#........>..
##.........$
##.$.##....
##..# #...
#... .## ...#
#


You could see an orc priest (poisoned) and an orc.

Vanquished Creatures
  Jessica (D:2)
  2 orc wizards (D:4)
  2 adders (D:2)
  A dart slug (D:2)
  2 orcs
  4 ball pythons
  6 endoplasms
  A giant cockroach (D:1)
  8 goblins
  3 hobgoblins
  4 jackals (D:2)
  3 kobolds
  5 quokkas
  4 bats
  3 rats
49 creatures vanquished.

Notes
Turn   | Place    | Note
-------+----------+-------------------------------------------
     0 | D:1      | qw the Naga Hunter began the quest for the Orb.
     0 | D:1      | Reached XP level 1. HP: 19/19 MP: 1/1
     0 | D:1      | 0 ||| qw: Version: 0.2-a-29-gc1b59c4
     0 | D:1      | 0 ||| qw: Game counter: 4313
     0 | D:1      | 0 ||| qw: Always use a shield: true
     0 | D:1      | 0 ||| qw: God list: Okawaru
     0 | D:1      | 0 ||| qw: Allow faded altars: false
     0 | D:1      | 0 ||| qw: Do Orc after D:15 true
     0 | D:1      | 0 ||| qw: Do second Lair branch before Depths: true
     0 | D:1      | 0 ||| qw: Lair rune preference: random
     0 | D:1      | 0 ||| qw: Plans: Normal
     0 | D:1      | 0 ||| PLANNING D:1-11
     5 | D:1      | 5 ||| INVOKING Spit Poison.
    97 | D:1      | 97 ||| INVOKING Spit Poison.
   103 | D:1      | 103 ||| INVOKING Spit Poison.
   157 | D:1      | 157 ||| INVOKING Spit Poison.
   161 | D:1      | 161 ||| INVOKING Spit Poison.
   169 | D:1      | 169 ||| INVOKING Spit Poison.
   173 | D:1      | Reached skill level 4 in Ranged Weapons
   173 | D:1      | Reached XP level 2. HP: 10/26 MP: 2/2
   286 | D:1      | 286 ||| INVOKING Spit Poison.
   310 | D:1      | 310 ||| INVOKING Spit Poison.
   316 | D:1      | 316 ||| INVOKING Spit Poison.
   321 | D:1      | 321 ||| INVOKING Spit Poison.
   348 | D:1      | 348 ||| INVOKING Spit Poison.
   371 | D:1      | 371 ||| INVOKING Spit Poison.
   496 | D:1      | 496 ||| INVOKING Spit Poison.
   500 | D:1      | 500 ||| INVOKING Spit Poison.
   810 | D:1      | Found a faded altar of an unknown god.
   811 | D:1      | 811 ||| UPGRADING to +4 ring of slaying {mikee}.
   812 | D:1      | 812 ||| DROPPING scroll of butterflies.
   857 | D:2      | 857 ||| INVOKING Spit Poison.
   869 | D:2      | 869 ||| INVOKING Spit Poison.
   910 | D:2      | Reached XP level 3. HP: 32/32 MP: 3/3
   925 | D:2      | 925 ||| INVOKING Spit Poison.
   943 | D:2      | 943 ||| INVOKING Spit Poison.
   947 | D:2      | 947 ||| INVOKING Spit Poison.
  1023 | D:2      | 1023 ||| INVOKING Spit Poison.
  1040 | D:2      | 1040 ||| INVOKING Spit Poison.
  1041 | D:2      | 1041 ||| INVOKING Spit Poison.
  1045 | D:2      | 1045 ||| INVOKING Spit Poison.
  1137 | D:2      | 1137 ||| INVOKING Spit Poison.
  1152 | D:2      | Found a runed translucent door.
  1153 | D:2      | Noticed Crazy Yiuf
  1174 | D:2      | Noticed Jessica
  1177 | D:2      | 1177 ||| INVOKING Spit Poison.
  1178 | D:2      | Killed Jessica
  1179 | D:2      | Reached skill level 5 in Ranged Weapons
  1179 | D:2      | Reached XP level 4. HP: 39/39 MP: 4/4
  1253 | D:2      | 1253 ||| INVOKING Spit Poison.
  1313 | D:2      | 1313 ||| INVOKING Spit Poison.
  1318 | D:2      | 1318 ||| INVOKING Spit Poison.
  1563 | D:2      | 1563 ||| INVOKING Spit Poison.
  1567 | D:2      | 1567 ||| INVOKING Spit Poison.
  1570 | D:2      | 1570 ||| INVOKING Spit Poison.
  1752 | D:2      | 1752 ||| UPGRADING to amulet of faith.
  1757 | D:2      | 1757 ||| READING scroll labelled APHYDDINYS.
  1758 | D:2      | 1758 ||| READING scroll labelled ZOIH JANORCHE.
  1841 | D:3      | 1841 ||| INVOKING Spit Poison.
  1892 | D:3      | Found a glowing silver altar of Zin.
  1911 | D:3      | Found a basalt altar of Yredelemnul.
  1948 | D:3      | Found a hazy altar of Hepliaklqana.
  2001 | D:3      | 2001 ||| INVOKING Spit Poison.
  2191 | D:3      | 2191 ||| INVOKING Spit Poison.
  2192 | D:3      | 2192 ||| INVOKING Spit Poison.
  2419 | D:4      | Found a blossoming altar of Fedhas.
  2419 | D:4      | Found a glowing golden altar of the Shining One.
  2420 | D:4      | 2420 ||| INVOKING Spit Poison.
  2488 | D:4      | 2488 ||| INVOKING Spit Poison.
  2543 | D:4      | 2543 ||| INVOKING Spit Poison.
  2547 | D:4      | 2547 ||| INVOKING Spit Poison.
  2548 | D:4      | Reached skill level 3 in Fighting
  2548 | D:4      | Reached XP level 5. HP: 45/49 MP: 5/5
  2550 | D:4      | HP: 12/49 [orc priest/nerve-wracking pain (10)]
  2552 | D:4      | HP: 3/49 [orc wizard/+0 dagger (3)]
  2553 | D:4      | 2553 ||| INVOKING Spit Poison.
  2556 | D:4      | 2556 ||| INVOKING Spit Poison.
  2557 | D:4      | Slain by an orc priest

Levels and vault maps discovered:
D:1:      erik_arrival_blinker_ship, layout_loops_ring,
          shapermc_ecumenical_altar_mp_urbaneastern, kennysheep_minor_cross,
          chequers_serial_rivers_small_b, chequers_serial_rivers_room_b
D:2:      layout_loops_ring, kennysheep_generic_room_9, uniq_crazy_yiuf_cottage,
          uniq_jessica
D:3:      layout_loops_ring, mainiacjoe_overflow_concentric_impassable,
          mainiacjoe_overflow_catwalk_spiral
D:4:      layout_rooms, lemuel_tele_altar,
          chequers_temple_overflow_statue_of_worship, mrwooster_statue_mirror

Skill      XL: |  1  2  3  4 |
---------------+-------------+-----
Ranged Weapons | 4 5 |  5.3
Fighting       | 3 |  3.2
Dodging        | |  1.5
Stealth        | |  1.5

Action                     |  1- 3 |  4- 6 || total
---------------------------+-------+-------++-------
   Fire: Shortbow          |    47 |    38 ||    85
Ability: Spit Poison       |    24 |    15 ||    39
    Use: Scroll            |       |     2 ||     2
 Armour: Leather armour    |     7 |     5 ||    12
  Dodge: Dodged            |    11 |    14 ||    25

Table legend:
 A = Non-vault XP
 B = Vault XP
 C = Vault XP percentage of total XP
 D = Non-vault monster count
 E = Vault monster count
 F = Vault count percentage of total count
                 A         B        C        D         E       F
            +---------+---------+-------+---------+---------+-------
      Total |     178 |      37 |  17.2 |      48 |       1 |   2.0
            +---------+---------+-------+---------+---------+-------
        D:1 |      27 |       0 |   0.0 |      16 |       0 |   0.0
        D:2 |      59 |      37 |  38.5 |      19 |       1 |   5.0
        D:3 |      10 |       0 |   0.0 |       5 |       0 |   0.0
        D:4 |      82 |       0 |   0.0 |       8 |       0 |   0.0
            +---------+---------+-------+---------+---------+-------
